 Dungeon Crawl Stone Soup version 0.16-a0-4024-g0ecf4ac (console) character file.

9634 mudo the Martial Artist (level 11, 0/80 HPs)
             Began as a Vampire Transmuter on Feb 17, 2015.
             Was an Elder of Vehumet.
             Slain by a seven-headed hydra (8 damage)
             ... on level 1 of the Lair of Beasts on Feb 18, 2015.
             The game lasted 00:57:47 (11128 turns).

mudo the Martial Artist (Vampire Transmuter)       Turns: 11128, Time: 00:57:47

Health: 0/80       AC:  7    Str:  9    XL:     11   Next: 25%
Magic:  14/18      EV: 16    Int: 18    God:    Vehumet [****..]
Gold:   730        SH:  0    Dex: 14    Spells: 3 memorised, 4 levels left

rFire  . . .     SeeInvis +       - Unarmed
rCold  . . .     Clarity  .     c - +0 robe
rNeg   + . .     SustAb   .     (no shield)
rPois  +         Gourm    +     t - +0 helmet
rElec  .         Spirit   .     B - +2 cloak {rPois}
rCorr  .         Warding  .     w - +0 pair of gloves
rMut   .         Stasis   .     (no boots)
MR     +....                    I - amulet of the gourmand
Stlth  ++........               L - ring of invisibility
                                C - ring of teleport control

@: somewhat resistant to hostile enchantments, unstealthy
A: bottle blood, fangs 3, see invisible, unbreathing
a: Bat Form, Renounce Religion, Evoke Invisibility, Evoke Teleport Control


You were on level 1 of the Lair of Beasts.
You worshipped Vehumet.
Vehumet was greatly pleased with you.
You were not thirsty.

You visited 3 branches of the dungeon, and saw 13 of its levels.

You collected 730 gold pieces.


   Skills:
 - Level 5.5 Fighting
 - Level 7.8 Dodging
 + Level 13.7 Unarmed Combat
 + Level 2.3 Spellcasting
 - Level 8.7 Transmutations
 - Level 2.4 Ice Magic
 - Level 0.2 Air Magic


You had 4 spell levels left.
You knew the following spells:

 Your Spells              Type           Power        Failure   Level  Hunger
c - Spider Form           Trmt/Pois      ###.......   12%         3    ###....
h - Ice Form              Ice/Trmt       ###.....     21%         4    #####..
n - Static Discharge      Conj/Air       #.......     17%         3    ###....


Dungeon Overview and Level Annotations

Branches:
Dungeon (11/15)            Temple (1/1) D:4            Lair (1/8) D:10
    Orc: D:9-12

Altars:
Ashenzari
Cheibriados
Dithmenos
Elyvilon
Fedhas
Gozag
Kikubaaqudgha
Makhleb
Nemelex Xobeh
Okawaru
Qazlal
Ru
Sif Muna
Trog
Vehumet
Xom
Yredelemnul
Zin
The Shining One

Shops:
D:8 [   D:10 *

Portals:
Trove: D:10 (give 20 scrolls of identify)

Annotations:
D:6 exclusion: door
D:11 Grum


Innate Abilities, Weirdness & Mutations

You can bottle blood from corpses.
You have razor-sharp teeth.
You have supernaturally acute eyesight.
You can survive without breathing.

Inventory:

Hand weapons
 b - a +0 blowgun
 O - a +0 dagger of distortion {!w}
Missiles
 k - 47 stones (quivered)
 M - 8 curare-tipped needles {!f}
Armour
 c - a +0 robe (worn)
 m - a +1 cloak
 t - a +0 helmet (worn)
 w - a +0 pair of gloves (worn)
 B - a +2 cloak of poison resistance (worn)
Jewellery
 C - a ring of teleport control (left hand)
 I - an amulet of the gourmand (around neck)
 L - a ring of invisibility (right hand)
Magical devices
 j - a wand of random effects (19)
 y - a wand of disintegration (0)
 D - a wand of fireball (0)
 F - a wand of flame (38)
 G - a wand of digging (15)
Scrolls
 g - 4 scrolls of teleportation
 h - a scroll of magic mapping
 i - a scroll of blinking
 o - 6 scrolls of identify
 u - 7 scrolls of remove curse
 E - a scroll of fear
 H - a scroll of recharging
 J - a scroll of fog
 K - a scroll of enchant armour
 N - 3 scrolls of enchant weapon
Potions
 a - 13 potions of blood {@*1}
 e - 5 potions of haste {unknown}
 f - a potion of flight {unknown}
 l - a potion of berserk rage {unknown}
 n - a potion of restore abilities {unknown}
 p - 4 potions of mutation {unknown}
 q - 5 potions of brilliance
 s - 6 potions of curing {unknown}
 v - 2 potions of lignification {unknown}
 x - a potion of resistance {unknown}
 z - 4 potions of heal wounds
 A - 3 potions of might {unknown}
Books
 d - a book of Changes

   Spells                             Type                      Level
   a - Beastly Appendage              Transmutation                1
   b - Sticks to Snakes               Transmutation                2
   c - Spider Form                    Transmutation/Poison         3
   d - Ice Form                       Ice/Transmutation            4
   e - Blade Hands                    Transmutation                5


Message History

The seven-headed hydra bites you! The seven-headed hydra bites you.
You pummel the seven-headed hydra!! You freeze the seven-headed hydra.
The seven-headed hydra is moderately wounded.
The seven-headed hydra barely misses you. x2
The seven-headed hydra bites you! The seven-headed hydra misses you.
The seven-headed hydra closely misses you.
The seven-headed hydra barely misses you.
The seven-headed hydra misses you.
You hit the seven-headed hydra. You freeze the seven-headed hydra.
The seven-headed hydra is moderately wounded.
You warm up again.
You feel resistant to poison. The seven-headed hydra bites you!
* * * LOW HITPOINT WARNING * * *
The seven-headed hydra completely misses you.
The seven-headed hydra bites you!
* * * LOW HITPOINT WARNING * * *
The seven-headed hydra bites you.
* * * LOW HITPOINT WARNING * * *
The seven-headed hydra bites you!
You die...

.# ##.....#
...#####...<#
#...........#
###.........##
#F#..........#
#.........#..##
...###F.......###..#
.........#.....###.##
.........##....VH...##
#####.##.............###
# #................#
##..#.###.......##
##..#####...##.#
#.....####.## .#
##......##..# ##
#...F......## .##
###...#F.....##


You could see a seven-headed hydra.

Action                   |  1- 3 |  4- 6 |  7- 9 | 10-12 || total
-------------------------+-------+-------+-------+-------++-------
Melee: Unarmed           |   143 |   268 |   405 |   316 ||  1132
Throw: Stone             |       |     2 |     1 |     3 ||     6
 Cast: Beastly Appendage |     1 |     7 |       |       ||     8
       Spider Form       |     1 |     9 |    27 |    18 ||    55
       Ice Form          |       |       |       |     3 ||     3
 Abil: End Transformatio |       |       |       |     5 ||     5
Evoke: Wand              |       |       |     4 |     9 ||    13
  Use: Potion            |       |     6 |     6 |     5 ||    17
       Scroll            |       |    10 |     4 |       ||    14
 Stab: Distracted        |       |       |     1 |       ||     1
       Paralysed         |       |       |       |     2 ||     2
  Eat: Corpse            |     9 |    13 |    18 |    12 ||    52

Vault maps used:
D:1:      eino_arrival_tree_alley, minmay_misc_feat_x
D:2:      first_bread, nicolae_ru_great_annihilating_truth
D:3:      zin_statuary, gammafunk_temple_overflow_pools, ashenzari_altar_1
D:4:      nicolae_overflow_crystal_walls, minmay_temple_entry_junction2,
          tso_altar
D:5:      kennysheep_steamy
D:6:      old_standard_altar, cheibrodos_beetle_habitat, uniq_prince_ribbit1
D:7:      grunt_livestock
D:8:      lemuel_crystal_altar, serial_shops, kennysheep_mini, st_stairs_10,
          uniq_pikel
D:9:      kennysheep_mini_moat
D:10:     minmay_lair_entry_lava, enter_trove_0, serial_shops,
          nicolae_shop_overgrown_old_shop
D:11:     zombieorc1_lemuel, uniq_grum, uniq_sonja
Temple:   triangle_lava_temple_11

Vanquished Creatures
  An unseen horror (D:10)
  Pikel (D:8)
  2 hill giants (D:10)
  A centaur zombie (D:11)
  A fire drake (D:10)
  A troll (D:9)
  Sonja (D:11)
  Prince Ribbit (D:5)
  2 wyverns
  6 yaks
  A human (D:7)
  A hungry ghost (D:8)
  2 steam dragons (D:5)
  2 wolves (D:10)
  A water moccasin (D:10)
  A black bear (D:7)
  6 sky beasts
  3 ice beasts
  2 ogres
  3 slaves (D:8)
  2 centaurs
  2 phantoms
  5 orc warriors
  6 giant frogs
  3 scorpions
  8 wights
  9 crimson imps
  2 goliath beetles
  A jelly (D:10)
  A giant frog zombie (D:11)
  9 hounds
  2 iguanas
  8 orc priests
  A gnoll shaman (D:10)
  7 worker ants
  8 orc wizards
  A killer bee zombie (D:8)
  3 sheep (D:7)
  2 hound zombies
  A hound skeleton (D:8)
  2 worker ant zombies
  10 adders
  8 gnolls
  3 worms
  An adder skeleton (D:5)
  7 giant geckos
  2 oozes
  39 orcs
  14 bats
  A bat zombie (D:5)
  5 giant cockroaches
  15 goblins
  16 hobgoblins
  14 jackals
  12 kobolds
  6 quokkas
  3 ball pythons
  A ball python skeleton (D:4)
  A giant gecko skeleton (D:6)
  7 giant newts
  2 giant spores
  A jackal zombie (D:5)
  15 rats
  2 ballistomycetes
307 creatures vanquished.

Vanquished Creatures (others)
  A slave (D:8)
  A crimson imp (D:8)
  An adder zombie (D:8)
3 creatures vanquished.

Grand Total: 310 creatures vanquished

Table legend:
 A = Kills in this place as a percentage of kills in entire the game.
 B = Kills by you in this place as a percentage of kills by you in the entire game.
 C = Kills by friends in this place as a percentage of kills by friends in the entire game.
 D = Other kills in this place as a percentage of other kills in the entire game.
 E = Experience gained in this place as a percentage of experience gained in the entire game.
 F = Experience gained in this place divided by the number of levels of this place that you have seen.
                   A       B       C       D       E      F
               +-------+-------+-------+-------+-------+----------------------
         Total | 100.0 | 100.0 |  -nan |  -nan | 100.0 | 1058.8
       Dungeon |  99.7 |  99.7 |  -nan |  -nan | 100.0 | 1251.2
          Lair |   0.3 |   0.3 |  -nan |  -nan |   0.0 |   1.0
               +-------+-------+-------+-------+-------+----------------------

Table legend:
 A = Turns spent in this place as a percentage of turns spent in the entire game.
 B = Non-inter-level travel turns spent in this place as a percentage of non-inter-level travel turns spent in the entire game.
 C = Inter-level travel turns spent in this place as a percentage of turns spent in this place.
 D = Turns resting spent in this place as a percentage of non-inter-level travel turns spent in this place.
 E = Turns spent auto-exploring this place as a percentage of non-inter-level travel turns spent in this place.
 F = Non-inter-level travel turns spent in this place divided by the number of levels of this place that you've seen.
                   A       B       C       D       E      F
               +-------+-------+-------+-------+-------+----------------------
         Total | 100.0 | 100.0 |   0.6 |   2.7 |   9.3 | 305.8
       Dungeon |  94.9 |  94.9 |   0.6 |   2.8 |   9.5 | 343.1
        Temple |   0.6 |   0.6 |   8.0 |   0.0 |  26.1 |  23.0
          Lair |   4.5 |   4.5 |   0.0 |   0.0 |   2.2 | 178.0
               +-------+-------+-------+-------+-------+----------------------

Notes
Turn   | Place    | Note
--------------------------------------------------------------
     0 | D:1      | mudo, the Vampire Transmuter, began the quest for the Orb.
     0 | D:1      | Reached XP level 1. HP: 14/14 MP: 3/3
   139 | D:1      | Reached XP level 2. HP: 14/20 MP: 4/4
   208 | D:1      | Reached skill level 4 in Unarmed Combat
   762 | D:1      | Reached XP level 3. HP: 16/25 MP: 6/6
   948 | D:2      | Learned a level 3 spell: Spider Form
  1028 | D:2      | Reached skill level 5 in Unarmed Combat
  1101 | D:2      | Found a sacrificial altar of Ru.
  1125 | D:2      | Reached XP level 4. HP: 28/31 MP: 3/7
  1879 | D:3      | Found a glowing silver altar of Zin.
  2109 | D:3      | Reached skill level 6 in Unarmed Combat
  2125 | D:3      | Reached XP level 5. HP: 16/36 MP: 2/9
  2218 | D:3      | Found a shattered altar of Ashenzari.
  2377 | D:3      | Reached skill level 1 in Fighting
  2504 | D:3      | Found a sparkling altar of Nemelex Xobeh.
  2504 | D:3      | Found a sacrificial altar of Ru.
  2603 | D:4      | Found a staircase to the Ecumenical Temple.
  2843 | D:3      | Reached skill level 2 in Fighting
  2947 | D:4      | Reached XP level 6. HP: 37/44 MP: 3/10
  2954 | D:4      | Reached skill level 7 in Unarmed Combat
  2995 | Temple   | Entered the Ecumenical Temple
  3155 | Temple   | Became a worshipper of Vehumet
  3485 | D:4      | Found a glowing golden altar of the Shining One.
  3609 | D:4      | HP: 7/46 [orc/hand axe[the player character] (9)]
  3794 | D:4      | Found a blossoming altar of Fedhas.
  3810 | D:4      | Reached skill level 3 in Fighting
  4074 | D:4      | Acquired Vehumet's first power
  4074 | D:4      | Offered knowledge of Flame Tongue by Vehumet.
  4250 | D:5      | Entered Level 5 of the Dungeon
  4250 | D:5      | Noticed a wyvern
  4295 | D:4      | Reached XP level 7. HP: 46/53 MP: 8/12
  4360 | D:5      | Reached skill level 8 in Unarmed Combat
  4424 | D:5      | Reached skill level 4 in Fighting
  4585 | D:5      | HP: 11/55 [ice beast (12)]
  4811 | D:5      | Killed a wyvern
  4811 | D:5      | Reached skill level 3 in Transmutations
  4811 | D:5      | Reached XP level 8. HP: 45/61 MP: 6/13
  4965 | D:5      | Reached skill level 9 in Unarmed Combat
  4965 | D:5      | Reached skill level 4 in Transmutations
  5278 | D:5      | Noticed a steam dragon
  5278 | D:5      | Noticed a steam dragon
  5284 | D:5      | uh
  5301 | D:5      | Killed a steam dragon
  5420 | D:5      | Killed a steam dragon
  5420 | D:5      | Reached skill level 5 in Transmutations
  5781 | D:6      | Reached skill level 3 in Dodging
  5872 | D:6      | Reached skill level 4 in Dodging
  5872 | D:6      | Reached skill level 10 in Unarmed Combat
  5998 | D:6      | Learned a level 4 spell: Ice Form
  6055 | D:6      | Reached skill level 1 in Ice Magic
  6055 | D:6      | Reached XP level 9. HP: 66/66 MP: 8/14
  6118 | D:6      | Noticed Prince Ribbit
  6238 | D:5      | Killed Prince Ribbit
  6238 | D:5      | Reached skill level 5 in Dodging
  6238 | D:5      | Reached skill level 2 in Ice Magic
  6375 | D:6      | Offered knowledge of Magic Dart by Vehumet.
  6461 | D:6      | Found an opulent altar of Gozag.
  6638 | D:6      | Found a snail-covered altar of Cheibriados.
  6773 | D:7      | Reached skill level 6 in Dodging
  6859 | D:7      | Reached skill level 11 in Unarmed Combat
  7167 | D:7      | Offered knowledge of Static Discharge by Vehumet.
  7174 | D:7      | Reached skill level 7 in Dodging
  7552 | D:8      | Found a glowing golden altar of the Shining One.
  7765 | D:8      | Acquired Vehumet's second power
  7765 | D:8      | Reached XP level 10. HP: 55/73 MP: 16/16
  7783 | D:8      | Learned a level 3 spell: Static Discharge
  8047 | D:8      | Reached skill level 5 in Fighting
  8082 | D:8      | Found Prierair's Armour Emporium.
  8109 | D:8      | Noticed Pikel
  8151 | D:8      | Paralysed by Pikel for 2 turns
  8157 | D:8      | Killed Pikel
  8157 | D:8      | Reached skill level 12 in Unarmed Combat
  8639 | D:9      | Found a bloodstained altar of Trog.
  8752 | D:9      | Offered knowledge of Mephitic Cloud by Vehumet.
  9021 | D:9      | Reached skill level 6 in Transmutations
  9076 | D:10     | Entered Level 10 of the Dungeon
  9086 | D:10     | Found Uruakank's Assorted Antiques.
  9100 | D:10     | Noticed an unseen horror
  9112 | D:10     | Killed an unseen horror
  9220 | D:10     | Noticed a hill giant
  9229 | D:10     | Killed a hill giant
  9229 | D:10     | Reached skill level 13 in Unarmed Combat
  9229 | D:10     | Reached skill level 7 in Transmutations
  9245 | D:10     | Acquired Vehumet's third power
  9316 | D:10     | Offered knowledge of Sticky Flame by Vehumet.
  9421 | D:10     | Noticed a hill giant
  9430 | D:10     | Killed a hill giant
  9537 | D:10     | Found a portal to a secret trove of treasure.
  9635 | D:10     | Found a staircase to the Lair.
  9646 | D:10     | Reached XP level 11. HP: 80/80 MP: 17/17
  9693 | D:10     | Reached skill level 8 in Transmutations
 10221 | D:10     | can I stop picking those up thanks
 10372 | D:11     | Noticed Grum
 10643 | D:11     | Noticed Sonja
 10649 | D:11     | Killed Sonja
 10719 | D:11     | Upgraded the game from 0.16-a0-4020-g6ff35b5 to 0.16-a0-4024-g0ecf4ac
 10754 | D:11     | Noticed a five-headed hydra
 10873 | Lair:1   | Entered Level 1 of the Lair of Beasts
 10979 | Lair:1   | Noticed a seven-headed hydra
 11128 | Lair:1   | HP: 12/80 [seven-headed hydra (7)]
 11128 | Lair:1   | Slain by a seven-headed hydra
